 Dungeon Crawl Stone Soup version 0.19.0-20-gbc5f0c6 (webtiles) character file.

11 Esekla the Charmwright (level 2, -3/14 HPs)
             Began as a Spriggan Skald on Nov 16, 2016.
             Slain by a worm (13 damage)
             ... on level 3 of the Dungeon.
             The game lasted 00:07:49 (513 turns).

Esekla the Charmwright (Spriggan Skald)              Turns: 513, Time: 00:07:50

Health: -3/14      AC:  4    Str:  8    XL:     2   Next: 13%
Magic:  6/6        EV: 18    Int: 13    God:
Gold:   42         SH:  0    Dex: 15    Spells: 1 memorised, 5 levels left

rFire  . . .     SeeInvis +     a - +0 short sword
rCold  . . .     Gourm    .     b - +0 robe
rNeg   . . .     Faith    .     (shield restricted)
rPois  .         Spirit   .     (helmet restricted)
rElec  .         Reflect  .     f - +1 cloak
rCorr  .         Harm     .     (gloves unavailable)
MR     .....                    (boots unavailable)
Stlth  ++........               (no amulet)
                                (no ring)
                                (no ring)

@: very quick
A: unfitting armour, see invisible, herbivore 3, speed 3, slow metabolism 2
a: no special abilities


You were on level 3 of the Dungeon.
You were not hungry.

You visited 1 branch of the dungeon, and saw 3 of its levels.

You collected 42 gold pieces.

Inventory:

Hand Weapons
 a - a +0 short sword (weapon)
Missiles
 h - 21 stones (quivered)
Armour
 b - a +0 robe (worn)
 f - a +1 cloak (worn)
Scrolls
 g - a scroll of identify {unknown}
 i - a scroll of remove curse {unknown}
 k - 3 scrolls of enchant weapon {unknown}
Potions
 e - a potion of berserk rage {unknown}
 j - 2 potions of curing {unknown}
Books
 c - a book of Battle

   Spells                             Type                      Level
   a - Infusion                       Charms                       1
   b - Shroud of Golubria             Charms/Translocation         2
   c - Song of Slaying                Charms                       2
   d - Spectral Weapon                Hexes/Charms                 3
   e - Regeneration                   Charms/Necromancy            3
Comestibles
 d - a bread ration


   Skills:
 - Level 1.5 Fighting
 + Level 2.5 Short Blades
 * Level 3.3 Dodging
 + Level 0.4 Stealth
 - Level 2.6 Spellcasting
 - Level 4.4 Charms


You had 5 spell levels left.
You knew the following spells:

 Your Spells              Type           Power        Failure   Level  Hunger
a - Infusion              Chrm           ##..         4%          1    #......


Dungeon Overview and Level Annotations

Branches:
Dungeon (3/15)

Altars:
Yredelemnul

Annotations:
D:2 Terence
D:3 unseenchild's ghost, amateur SpEn


Innate Abilities, Weirdness & Mutations

You are very small and have problems with some larger weapons.
You are too small for most types of armour.
You have supernaturally acute eyesight. (SInv)
You are a herbivore.
You cover ground extremely quickly.
You need consume almost no food.


Message History

k - 3 scrolls labeled IXKECW SI HYL A worm comes into view.
Found a stone staircase leading down.
Found 17 gold pieces.
Found a hunting sling.
Found a sedimented green potion.
Unseenchild's ghost (amateur Spriggan Enchanter) comes into view.
You see here 17 gold pieces.
You now have 42 gold pieces (gained 17).
Unseenchild's ghost turns its malevolent gaze towards you.
Unseenchild's ghost says, "What do you have that I didn't have?"
Unseenchild's ghost casts a spell at you.
You resist with significant effort. As you open the door, it creaks loudly!
Unseenchild's ghost gestures at you while chanting.
You fall asleep.
Unseenchild's ghost casts a spell at you.
You resist with significant effort. The worm bites you!
You wake up.
Ouch! That really hurt!
You die...

#.....######....
#.....###### #
#######.....#....#
#...........<....+
#####.###........#
#.# #........# #.#
#........#.# #.#
#####....#.#####
#.########@###......
#........Ww..>......
#..................
#..#######.........
#..#..........####
#..#..........#
#..#..........#
#..#..........#
#..#..........#


You could see a worm and unseenchild's ghost.

Vanquished Creatures
  2 goblins
  2 hobgoblins (D:1)
  A kobold (D:3)
  4 frilled lizards
  2 rats (D:3)
11 creatures vanquished.

Notes
Turn   | Place    | Note
-------+----------+-------------------------------------------
     0 | D:1      | Esekla the Spriggan Skald began the quest for the Orb.
     0 | D:1      | Reached XP level 1. HP: 10/10 MP: 5/5
   307 | D:1      | You fall through a shaft!
   332 | D:2      | Noticed Terence
   349 | D:2      | Found a basalt altar of Yredelemnul.
   412 | D:3      | Noticed a bullfrog
   416 | D:3      | Reached XP level 2. HP: 8/14 MP: 6/6
   502 | D:3      | Noticed unseenchild's ghost (amateur SpEn)
   513 | D:3      | Slain by a worm

Skill      XL: |  1 |
---------------+----+-----
Dodging        | 3 |  3.3
Fighting       | |  1.5
Short Blades   | |  2.5
Stealth        | |  0.4
Spellcasting   | |  2.6
Charms         | |  4.4

Action                   || total
-------------------------++-------
Melee: Short sword       ||    30
 Cast: Infusion          ||     1
 Stab: Sleeping          ||     1
Dodge: Dodged            ||    32
